 Dungeon Crawl Stone Soup version 0.15.1-4-gac8487e (webtiles) character file.

2009 Johnny the Chiller (level 8, -3/66 HPs)
             Began as a Demigod Ice Elementalist on Oct 15, 2014.
             Slain by a hill giant
             ... wielding a cursed -1 giant club
              (43 damage)
             ... on Level 8 of the Dungeon.
             The game lasted 00:23:15 (8893 turns).

Johnny the Chiller (Demigod Ice Elementalist)       Turns: 8893, Time: 00:23:16

HP  -3/66        AC  6     Str 11      XL: 8   Next: 71%
MP  11/30        EV  9     Int 24      God:
Gold 119         SH  0     Dex 17      Spells:  4 memorised,  3 levels left

rFire  . . .     SeeInvis .     n - +2 dagger (elec)
rCold  . . .     Clarity  .     k - +0 ring mail
rNeg   + . .     rCorr    .     (no shield)
rPois  .         rRot     .     (no helmet)
rElec  .         Spirit   .     (no cloak)
SustAb .         Warding  .     j - +0 pair of gloves
rMut   .         Stasis   .     (no boots)
Gourm  .                        D - amulet of rage
MR     .....                    v - ring of positive energy
                                g - ring of magical power

@: lethally poisoned, very slightly contaminated, not resistant to hostile
enchantments, unstealthy
A: no striking features
a: Evoke Berserk Rage


You were on level 8 of the Dungeon.
You were not hungry.

You visited 1 branch of the dungeon, and saw 8 of its levels.
You also visited: Sewer.

You collected 388 gold pieces.
You spent 269 gold pieces at shops.

Inventory:

Hand weapons
 m - a +2 dagger of speed
 n - a +2 dagger of electrocution (weapon)
 o - a +2 flail of protection
Armour
 j - a +0 pair of gloves (worn)
 k - a +0 ring mail (worn)
Magical devices
 e - a wand of fireball (4) {unknown}
 p - a wand of confusion (11)
Comestibles
 c - 5 bread rations
 i - 2 beef jerkies
Scrolls
 a - a scroll of identify
 d - a scroll of fear
 f - a scroll of recharging {unknown}
 l - 4 scrolls of teleportation
 r - 2 scrolls of remove curse
 t - a scroll of amnesia {unknown}
 x - 2 scrolls of fog {unknown}
 y - a scroll of enchant weapon {unknown}
Jewellery
 g - a ring of magical power (left hand)
 q - the cursed amulet "Hywukk" {Inacc rF+}
   (You bought it in a shop on level 7 of the Dungeon)

   [amulet of inaccuracy]

   It reduces the accuracy of all your attacks.
   It protects you from fire.
   It has a curse placed upon it.
 v - a ring of positive energy (right hand)
 D - an amulet of rage (around neck)
Potions
 h - 5 potions of flight
 u - a potion of agility {unknown}
Books
 b - a book of Frost

   Spells                             Type                      Level
   *Freeze                            Ice                          1
   Throw Frost                        Conjuration/Ice              2
   *Ozocubu's Armour                  Charms/Ice                   3
   *Throw Icicle                      Conjuration/Ice              4
   *Summon Ice Beast                  Ice/Summoning                4
   Condensation Shield                Ice                          4


   Skills:
 * Level 4.3 Fighting
 + Level 2.5 Armour
 + Level 3.5 Dodging
 + Level 3.9 Stealth
 * Level 4.4 Spellcasting
 * Level 1.2 Conjurations
 * Level 1.2 Charms
 * Level 3.4 Summonings
 * Level 5.2 Ice Magic
 + Level 2.5 Evocations


You had 3 spell levels left.
You knew the following spells:

 Your Spells              Type           Power        Failure   Level  Hunger
a - Freeze                Ice            ####         1%          1    None
b - Summon Ice Beast      Ice/Summ       ####....     30%         4    ####...
c - Ozocubu's Armour      Chrm/Ice       ###.....     14%         3    ##.....
d - Throw Icicle          Conj/Ice       ###.....     43%         4    ####...


Dungeon Overview and Level Annotations

Branches:
Dungeon (8/15)             Temple (0/1) D:5
   Lair: D:8-11

Shops:
D:4 ?   D:7 *


Message History

Your ice beast hits the hound zombie.
Your ice beast freezes the hound zombie.
The hound zombie resists.
Unknown command.
You feel sick.
Your ice beast closely misses the hound zombie.
Your ice beast hits the hound zombie.
Your ice beast freezes the hound zombie.
The hound zombie resists.
Unknown command.
Casting: Freeze
Confirm with . or Enter, or press ? or * to list all spells.
Aiming: Freeze
Press: ? - help, Shift-Dir - straight line, f - hound zombie
Aim: a hound zombie You freeze the hound zombie.
The hound zombie resists.
You feel sick. The hound zombie closely misses you.
The hill giant hits you with a giant club!!!
Ouch! That really hurt!
You die...

######......≈≈.≈≈≈
#......≈≈.≈≈≈
#...).........
#?.............
#..............
#..............
#......≈≈≈≈≈≈≈..
#.$....?≈≈≈≈≈≈..
#...@Z..≈≈≈≈....
#...CYY.))....%.
#...Y..).......
#..................
#.###...........###
#.########..# #.
..# #. .. #.


You could see a hill giant, a hound zombie and 3 friendly ice beasts.

Vanquished Creatures
  A hippogriff (D:5)
  Edmund (D:6)
  3 ogres
  A phantom (D:7)
  2 centaurs
  A black bear (D:7)
  The ghost of Watball the Covert, an average SpEn (D:3)
  A giant frog (D:6)
  2 scorpions
  A hound (D:7)
  An electric eel (D:8)
  A centaur skeleton (D:7)
  An orc priest (D:6)
  2 orc wizards (D:6)
  2 worker ants
  A mermaid (Sewer)
  A hound skeleton (D:4)
  A green rat (Sewer)
  9 adders
  4 giant mites
  3 worms (D:2)
  An adder zombie (D:7)
  An adder skeleton (D:5)
  2 oozes
  5 giant geckos
  15 orcs
  15 bats
  5 giant cockroaches
  6 goblins
  10 hobgoblins
  10 jackals
  12 kobolds
  5 quokkas
  2 ball pythons (Sewer)
  6 giant newts
  32 rats
  A ballistomycete (D:7)
168 creatures vanquished.

Vanquished Creatures (collateral kills)
  An orc warrior (D:7)
  A necrophage (D:7)
  A giant frog (D:7)
  4 wights (D:6)
  2 quasits
  A crimson imp (D:7)
  2 goliath beetles (D:7)
  A hound (D:8)
  An orc priest (D:7)
  An orc wizard (D:8)
  A mummy (D:7)
  2 adders
  A giant mite (Sewer)
  A shadow imp (D:7)
  9 orcs
  A hobgoblin (D:6)
  A giant newt (Sewer)
  A rat (D:6)
32 creatures vanquished.

Vanquished Creatures (others)
  8 ice beasts
  A giant spore (D:7)
9 creatures vanquished.

Grand Total: 209 creatures vanquished

Notes
Turn   | Place    | Note
--------------------------------------------------------------
     0 | D:1      | Johnny, the Demigod Ice Elementalist, began the quest for the Orb.
     0 | D:1      | Reached XP level 1. HP: 14/14 MP: 3/3
   425 | D:1      | Reached XP level 2. HP: 5/22 MP: 1/4
  1019 | D:1      | Reached skill level 3 in Ice Magic
  1300 | D:1      | Reached XP level 3. HP: 27/27 MP: 3/8
  2007 | D:2      | Reached skill level 1 in Fighting
  2310 | D:2      | Found a basalt altar of Yredelemnul.
  2413 | D:2      | Found a blossoming altar of Fedhas.
  2606 | D:2      | Found a snail-covered altar of Cheibriados.
  2677 | D:2      | Found an iron altar of Okawaru.
  2766 | D:3      | Noticed Watball's ghost (average SpEn)
  2766 | D:3      | Reached XP level 4. HP: 30/35 MP: 11/11
  2783 | D:3      | Killed Watball's ghost
  2783 | D:3      | Reached skill level 1 in Armour
  2783 | D:3      | Reached XP level 5. HP: 27/41 MP: 5/12
  2808 | D:3      | Learned a level 4 spell: Summon Ice Beast
  3530 | D:4      | Found a white marble altar of Elyvilon.
  3751 | D:4      | Reached skill level 1 in Summonings
  4494 | D:4      | Found Wodew's Magic Scroll Shop.
  4497 | D:4      | Bought a scroll of identify for 22 gold pieces
  4497 | D:4      | Bought a scroll of identify for 22 gold pieces
  4497 | D:4      | Bought a scroll of identify for 22 gold pieces
  4497 | D:4      | Bought a scroll of identify for 22 gold pieces
  4497 | D:4      | Bought a scroll of remove curse for 33 gold pieces
  4497 | D:4      | Bought a scroll of teleportation for 33 gold pieces
  4547 | D:4      | Reached XP level 6. HP: 48/48 MP: 15/15
  4692 | D:5      | Entered Level 5 of the Dungeon
  4756 | D:5      | Found a glowing drain.
  4764 | Sewer    | Entered a sewer
  4958 | Sewer    | Reached skill level 4 in Ice Magic
  5178 | Sewer    | Noticed a drowned soul
  5180 | Sewer    | Noticed a drowned soul
  5180 | Sewer    | Noticed a drowned soul
  5182 | Sewer    | Noticed a drowned soul
  5354 | D:5      | Noticed a hippogriff
  5374 | D:5      | Killed a hippogriff
  5547 | D:5      | Reached skill level 1 in Evocations
  5547 | D:5      | Reached XP level 7. HP: 52/56 MP: 8/18
  5597 | D:5      | Found a shattered altar of Ashenzari.
  5961 | D:5      | Found a staircase to the Ecumenical Temple.
  6381 | D:6      | Found a burning altar of Makhleb.
  6674 | D:6      | Noticed an iron devil
  7107 | D:6      | Noticed Edmund
  7121 | D:6      | Killed Edmund
  7121 | D:6      | Reached XP level 8. HP: 50/64 MP: 20/20
  7171 | D:6      | Found a blossoming altar of Fedhas.
  7428 | D:7      | Reached skill level 5 in Ice Magic
  7501 | D:7      | Found Fruephas' Assorted Antiques.
  7557 | D:7      | Bought an ancient brass amulet for 115 gold pieces
  7560 | D:7      | Identified the amulet "Hywukk" {Inacc rF+} (You bought it in a shop on level 7 of the Dungeon)
  8066 | D:7      | Learned a level 3 spell: Ozocubu's Armour
  8071 | D:7      | Learned a level 4 spell: Throw Icicle
  8262 | D:7      | Reached skill level 1 in Conjurations
  8517 | D:8      | Reached skill level 1 in Charms
  8879 | D:8      | Noticed a hill giant
  8893 | D:8      | Slain by a hill giant

Action                   |  1- 3 |  4- 6 |  7- 9 || total
-------------------------+-------+-------+-------++-------
Melee: Club              |    60 |       |       ||    60
       Dagger            |    48 |   161 |   145 ||   354
       Flail             |       |       |     6 ||     6
 Cast: Freeze            |    50 |    44 |    63 ||   157
       Summon Ice Beast  |       |     1 |    33 ||    34
       Throw Icicle      |       |       |     4 ||     4
Evoke: Wand              |       |     2 |       ||     2
  Use: Scroll            |     5 |    10 |     5 ||    20
       Potion            |       |       |     2 ||     2
 Stab: Sleeping          |     2 |     3 |     1 ||     6
       Confused          |       |     1 |       ||     1
  Eat: Chunk             |     1 |    11 |    13 ||    25
       Bread ration      |     1 |       |       ||     1
       Fruit             |       |       |     2 ||     2
       Meat ration       |       |       |     1 ||     1
       Pizza             |       |       |     1 ||     1
